 Dungeon Crawl Stone Soup version 0.21.0-3-g78d12a8 (webtiles) character file.

579 MDvedh the Poker (level 7, -1/52 HPs)
             Began as a Demonspawn Abyssal Knight on Jan 8, 2018.
             Was a Priest of Lugonu.
             Slain by an orc wizard
             ... wielding a +2 dagger of electrocution
              (16 damage)
             ... on level 4 of the Dungeon.
             The game lasted 00:05:51 (3870 turns).

MDvedh the Poker (Demonspawn Abyssal Knight)        Turns: 3870, Time: 00:05:52

Health: -1/52      AC: 10    Str: 14    XL:     7   Next: 13%
Magic:  0/8        EV:  6    Int: 14    God:    Lugonu [***...]
Gold:   213        SH:  0    Dex: 12    Spells: 6/6 levels left

rFire    . . .     SeeInvis .   t - +0 trident (pierce)
rCold    . . .     Gourm    .   (no shield)
rNeg     . . .     Faith    +   s - +0 chain mail
rPois    .         Spirit   +   u - +1 hat
rElec    .         Reflect  .   (no cloak)
rCorr    .         Harm     .   e - +0 pair of gloves
MR       .....                  (no boots)
Stlth    ..........             k - amulet of faith
HPRegen  0.17/turn              (no ring)
MPRegen  0.22/turn              (no ring)

@: no status effects
A: antennae 2, demonic guardian 2, magic shield, magic regeneration
a: Depart the Abyss, Bend Space, Banish, Renounce Religion


You were on level 4 of the Dungeon.
You worshipped Lugonu.
Lugonu was most pleased with you.
You were very hungry.

You visited 1 branch of the dungeon, and saw 4 of its levels.
You visited the Abyss 1 time.

You collected 213 gold pieces.

Inventory:

Hand Weapons
 a - a +1 spear
 t - a +0 trident of piercing (weapon)
Armour
 e - a +0 pair of gloves (worn)
 s - a +0 chain mail (worn)
 u - a +1 hat (worn)
Jewellery
 k - an amulet of faith (around neck)
Wands
 r - a wand of flame (29)
Scrolls
 b - a scroll of blinking {unknown}
 d - 5 scrolls of remove curse
 j - 2 scrolls of fear
 o - 4 scrolls of identify
Potions
 f - a potion of magic {unknown}
 g - a potion of agility {unknown}
 h - a potion of degeneration {unknown}
 i - a potion of heal wounds
 l - 2 potions of berserk rage {unknown}
 m - 2 potions of curing {unknown}
 n - a potion of haste
 p - a potion of lignification {unknown}
Comestibles
 c - 4 rations


   Skills:
 - Level 3.0 Fighting
 + Level 7.2 Polearms
 - Level 1.7 Armour
 - Level 0.8 Dodging
 - Level 2.4 Invocations


You had 6 spell levels left.
You didn't know any spells.

Dungeon Overview and Level Annotations

Branches:
Dungeon (4/15)
 Temple: D:4-7

Altars:
Ashenzari


Innate Abilities, Weirdness & Mutations

You have a pair of antennae on your head.
A demonic guardian rushes to your aid.
When hurt, damage is shared between your health and your magic reserves.
You regenerate magic rapidly.


Message History

The stone hits you but does no damage.
Unknown command.
Attack whom?
Press: ? - help, Dir - move target cursor You reach to attack!
You closely miss something.
The orc throws a stone.
The stone closely misses you.
Attack whom?
Press: ? - help, Dir - move target cursor, f - you That would be overly suicidal.
Okay, then.
Attack whom?
Press: ? - help, Dir - move target cursor You reach to attack!
You miss something.
Attack whom?
Press: ? - help, Dir - move target cursor Your chain mail prevents you from hitting something.
Something hits you.
* * * LOW HITPOINT WARNING * * *
You are electrocuted!
You die...

..........>.# .........# #.#
............##...##....# #.#
......).....##...#.....# #.#
......)(.........#....####.#
###.....(...##..............
##.....%o.....##.....#+#.#
......#.#).##..##.........#
#####.#.#.{...............#
#.#.##@##..##..........
#.#..#.##..##..[.......
#.##.#.##..##.........# #.#
...##...'.........# #.#
#..##.###.......... #.#
#..##...##...#..###
#.###..####.##...#..###
#............#...#.....
#####..#######......###


You could see an orc.

Vanquished Creatures
  Menkaure (D:4)
  An ogre (D:4)
  A bullfrog skeleton (D:4)
  2 orc priests
  An orc wizard (D:4)
  A worker ant (D:4)
  6 adders
  An ooze (D:2)
  An adder skeleton (D:4)
  2 leopard geckos
  3 orcs
  7 giant cockroaches
  8 goblins
  9 hobgoblins
  2 jackals (D:1)
  A quokka (D:2)
  A ball python skeleton (D:4)
  3 bats
  4 frilled lizards
  11 kobolds
  5 rats
71 creatures vanquished.

Vanquished Creatures (collateral kills)
  The ghost of komo4ek the Ducker, an amateur GnWn of the Shining One (D:3)
  A bullfrog (D:4)
  An iguana (D:4)
  A worker ant (D:4)
  An adder (D:4)
  A leopard gecko (D:4)
  2 orcs (D:3)
  A quokka skeleton (D:4)
  A rat (D:3)
10 creatures vanquished.

Grand Total: 81 creatures vanquished

Notes
Turn   | Place    | Note
-------+----------+-------------------------------------------
     0 | Abyss:1  | MDvedh the Demonspawn Abyssal Knight began the quest for the Orb.
     0 | Abyss:1  | Reached XP level 1. HP: 18/18 MP: 2/2
    33 | Abyss:1  | Noticed a large abomination
    34 | Abyss:1  | Noticed a raiju
    39 | D:1      | Escaped the Abyss
    53 | D:1      | Reached skill level 2 in Polearms
    63 | D:1      | Reached * piety under Lugonu
    84 | D:1      | Gained mutation: When hurt, damage is shared between your health and your magic reserves. [demonic ancestry]
    84 | D:1      | Reached XP level 2. HP: 6/24 MP: 3/3
   376 | D:1      | Reached skill level 3 in Polearms
   509 | D:1      | Gained mutation: You regenerate magic rapidly. [demonic ancestry]
   509 | D:1      | Reached XP level 3. HP: 28/29 MP: 4/4
   787 | D:2      | Reached ** piety under Lugonu
  1024 | D:2      | Gained mutation: A weak demonic guardian rushes to your aid. [demonic ancestry]
  1024 | D:2      | Reached XP level 4. HP: 24/35 MP: 3/5
  1142 | D:2      | Reached skill level 4 in Polearms
  1172 | D:2      | Found a shattered altar of Ashenzari.
  1659 | D:3      | Noticed komo4ek's ghost (amateur GnWn)
  2491 | D:3      | Killed komo4ek's ghost
  2491 | D:3      | Reached skill level 5 in Polearms
  2491 | D:3      | Gained mutation: You have a pair of small antennae on your head. [demonic ancestry]
  2491 | D:3      | Reached XP level 5. HP: 32/41 MP: 6/6
  2934 | D:4      | Noticed Menkaure
  2954 | D:4      | Killed Menkaure
  2954 | D:4      | Reached skill level 6 in Polearms
  2954 | D:4      | Gained mutation: You have a pair of antennae on your head. [demonic ancestry]
  2954 | D:4      | Reached XP level 6. HP: 18/47 MP: 3/7
  3830 | D:4      | Reached *** piety under Lugonu
  3842 | D:4      | Reached skill level 7 in Polearms
  3842 | D:4      | Gained mutation: A demonic guardian rushes to your aid. [demonic ancestry]
  3842 | D:4      | Reached XP level 7. HP: 49/52 MP: 8/8
  3865 | D:4      | HP: 2/52 [something/puff of flame (6)]
  3870 | D:4      | Slain by an orc wizard

Skill      XL: |  1  2  3  4  5  6 |
---------------+-------------------+-----
Polearms       | 2 3 5 6 7 |  7.2
Fighting       | |  3.0
Armour         | |  1.7
Dodging        | |  0.8
Invocations    | |  2.4

Action                   |  1- 3 |  4- 6 |  7- 9 || total
-------------------------+-------+-------+-------++-------
Melee: Spear             |   135 |   178 |       ||   313
       Trident           |       |    16 |    17 ||    33
Invok: Depart the Abyss  |     1 |       |       ||     1
  Use: Scroll            |       |     4 |       ||     4
       Potion            |       |       |     1 ||     1
 Stab: Sleeping          |     1 |       |       ||     1
       Distracted        |       |     1 |       ||     1
  Eat: Chunk             |       |     5 |       ||     5
       Ration            |       |     1 |       ||     1
Armor: Leather armour    |    31 |    28 |       ||    59
       Ring mail         |       |     3 |       ||     3
       Chain mail        |       |    17 |     8 ||    25
Dodge: Dodged            |    67 |    54 |     3 ||   124
